 Dungeon Crawl Stone Soup version 0.14-a0-1626-g054e7ae (webtiles) character file.

363 HollowCharge the Cudgeler (level 5, 0/57 HPs)
             Began as an Ogre Gladiator on Dec 26, 2013.
             Killed by divine providence
             ... invoked by an orc priest
              (13 damage)
             ... on Level 3 of the Dungeon.
             The game lasted 00:16:29 (3402 turns).

HollowCharge the Cudgeler (Ogre Gladiator)          Turns: 3402, Time: 00:16:34

HP   0/57        AC  5     Str 21      XL: 5   Next: 89%
MP   5/5         EV 11     Int  7      God:
Gold 151         SH  0     Dex 10      Spells:  0 memorised,  4 levels left

rFire  . . .     SeeInvis +     t - -1,-3 mace (curse)
rCold  . . .     Clarity  .     l - +2 robe
rNeg   . . .     Conserve .     (shield restricted)
rPois  .         rCorr    .     c - +0 cap
rElec  .         rRot     .     (no cloak)
SustAb . .       Spirit   .     (gloves unavailable)
rMut   .         Warding  .     (boots unavailable)
Saprov + . .     Stasis   .     (no amulet)
                                h - ring of see invisible
                                g - ring of regeneration

@: slightly resistant to hostile enchantments, unstealthy
A: unfitting armour, fast metabolism 1, saprovore 1, tough skin 1
a: no special abilities


You were on level 3 of the Dungeon.
You were very hungry.

You visited 1 branch of the dungeon, and saw 4 of its levels.

You collected 151 gold pieces.

Inventory:

Hand weapons
 e - a +0,+0 whip
 r - a +0,+0 mace
 s - a +1,+2 mace
 t - a cursed -1,-3 mace (weapon)
 v - a +0,+0 whip
Missiles
 d - 3 throwing nets (quivered)
Armour
 c - a +0 cap (worn)
 l - a +2 robe (worn)
Magical devices
 n - a wand of slowing (8)
Comestibles
 f - 3 meat rations
 k - a beef jerky
 m - a rotting chunk of adder flesh
 o - a bread ration
 u - a pear
 w - a chunk of adder flesh
Scrolls
 a - a scroll of identify
 p - a scroll of fear
Jewellery
 g - a ring of regeneration (left hand)
 h - a ring of see invisible (right hand)
Potions
 j - 4 potions of curing


   Skills:
 + Level 5.3 Fighting
 + Level 5.6 Maces & Flails
 - Level 2.1 Throwing
 + Level 3.9 Dodging


You had 4 spell levels left.
You didn't know any spells.

Dungeon Overview and Level Annotations

Branches:
Dungeon (4/16)
 Temple: D:4-7

Altars:
Cheibriados


Innate Abilities, Weirdness & Mutations

You are too large for most types of armour.
You have a fast metabolism.
You can tolerate rotten meat.
You have tough skin (AC +1).


Message History

* * * LOW HITPOINT WARNING * * *
You hit the orc priest.
The orc priest is moderately wounded.
The orc priest barely misses you.
You hit the orc priest but do no damage.
The orc priest is moderately wounded.
The orc priest closely misses you.
You hit the orc priest.
The orc priest is moderately wounded.
The orc priest hits you with an orcish club.
* * * LOW HITPOINT WARNING * * *
You hit the orc priest but do no damage.
The orc priest is moderately wounded.
You sock the orc priest!
The orc priest is almost dead.
The orc priest hits you with an orcish club.
* * * LOW HITPOINT WARNING * * *
The orc priest invokes the aid of Beogh against you.
Something smites you!
You die...

*******##############
,,,,,,,.......[o@...#
*******###########..# #..# #..#
#..# #..# ####### #..# #.≈≈≈∩#
#..#############
#####.≈≈≈≈########...............


You could see an orc priest.

Vanquished Creatures
  An orc wizard (D:3)
  5 adders (D:3)
  An inept item mimic (D:2)
  4 giant mites
  A worm (D:3)
  5 giant geckos
  2 oozes
  9 orcs
  4 giant cockroaches
  6 goblins
  A grey rat (D:3)
  6 hobgoblins
  6 jackals
  2 quokkas (D:3)
  4 bats
  5 giant newts
  17 kobolds
  8 rats
87 creatures vanquished.

Notes
Turn   | Place    | Note
--------------------------------------------------------------
     0 | D:1      | HollowCharge, the Ogre Gladiator, began the quest for the Orb.
     0 | D:1      | Reached XP level 1. HP: 22/22 MP: 1/1
   303 | D:1      | Reached XP level 2. HP: 17/31 MP: 2/2
   951 | D:2      | Reached XP level 3. HP: 32/37 MP: 3/3
  1251 | D:2      | Found a snail-covered altar of Cheibriados.
  1580 | D:2      | Reached XP level 4. HP: 34/48 MP: 4/4
  2263 | D:3      | Reached skill level 5 in Maces & Flails
  2573 | D:3      | Reached XP level 5. HP: 50/55 MP: 5/5
  2921 | D:3      | Found a glowing drain.
  3247 | D:3      | Reached skill level 5 in Fighting
  3402 | D:3      | Killed from afar by an orc priest

Action                   |  1- 3 |  4- 6 || total
-------------------------+-------+-------++-------
Melee: Mace              |   125 |   213 ||   338
  Use: Scroll            |     4 |     7 ||    11
       Potion            |       |     2 ||     2
